 Dungeon Crawl Stone Soup version 0.31-a0-8-gd14b0f4ee2 (webtiles) character file.

Game seed: 15916540148779179537

37 Kuronicle the Sneak (level 3, -6/26 HPs)
             Began as an Octopode Chaos Knight on May 6, 2023.
             Was a Plaything of Xom.
             Killed from afar by Sigmund (8 damage)
             ... with a puff of flame
             ... on level 2 of the Dungeon.
             The game lasted 00:06:04 (1412 turns).

Kuronicle the Sneak (Octopode Chaos Knight)         Turns: 1412, Time: 00:06:05

Health: -6/26      AC:  1    Str: 13    XL:     3   Next: 39%
Magic:  3/3        EV: 13    Int: 14    God:    Xom [*.....]
Gold:   157        SH:  0    Dex: 11    Spells: 2/2 levels left

rFire   . .          .
                       - Unarmed
rCold   . . .        (no shield)
rNeg    . . .        (helmet restricted)
rPois   .            (no amulet)
rElec   .            (no ring)
rCorr   .            (no ring)
SInv    .            (no ring)
Will    .....        (no ring)
Stlth   +++          (no ring)
HPRegen 0.24/turn    (no ring)
MPRegen 0.08/turn    (no ring)
                     (no ring)

%: no passive effects
@: no status effects
A: almost no armour, amphibious, 8 rings, camouflage 1, gelatinous body 1,
(nimble swimmer 1), tentacles
a: Renounce Religion


You were on level 2 of the Dungeon.
You worshipped Xom.
You were a special plaything of Xom.
You visited 1 branch of the dungeon, and saw 2 of its levels.

You collected 157 gold pieces.

Inventory:

Hand Weapons
 f - a +0 dagger of draining
Scrolls
 c - a scroll of vulnerability {unknown}
 e - a scroll of poison
 g - 2 scrolls of fog {unknown}
 k - a scroll of enchant armour {unknown}
Potions
 b - 2 potions of flight
 d - a potion of brilliance {unknown}
 h - a potion of might {unknown}
 i - a potion of heal wounds {unknown}
 l - 2 potions of mutation {unknown}
Miscellaneous
 a - a piece from Xom's chessboard (13/15) (quivered)


   Skills:
 - Level 3.0 Fighting
 - Level 2.3 Dodging
 * Level 3.6 Stealth
 - Level 3.3 Unarmed Combat
 * Level 0.5 Evocations


You had 2 spell levels left.
You didn't know any spells.
Your spell library contained the following spells:

 Spells                   Type           Power      Damage    Failure   Level
 Inner Flame              Hex/Fire       0%         N/A       65%         3
 Summon Forest            Summ/Tloc      0%         N/A       100%        5
 Summon Mana Viper        Hex/Summ       0%         N/A       100%        5
 Yara's Violent Unravell  Hex/Tmut       0%         3d3       100%        5
 Summon Cactus Giant      Summ           0%         N/A       100%        6
 Enfeeble                 Hex            0%         N/A       100%        7


Dungeon Overview and Level Annotations

Branches:
Dungeon (2/15)

Altars:
Sif Muna
Xom

Annotations:
D:2 Sigmund


Innate Abilities, Weirdness & Mutations

You cannot wear most types of armour.
You are amphibious.
You can wear up to eight rings at the same time.
Your skin changes colour to match your surroundings (Stealth+).
Your rubbery body absorbs attacks. (AC +1, EV +1)
((You are camouflaged when in or above water. (Stealth+)))
You have tentacles for arms and can constrict up to eight enemies at once.


Message History

Xom is getting BORED.
Found a dagger.
Sigmund is nearby!
The air fills with toxic fumes!
As you read the scroll labelled CAPTOG ATOEPPIS, it crumbles to dust.
It was a scroll of poison.
Xom is mildly amused.
Sigmund is nearby!
Sigmund is nearby!
Sigmund is nearby!
You don't know any spells.
Really wriggle into that cloud of poison gas?
Okay, then.
Okay, then.
Sigmund gestures wildly while chanting.
Sigmund flickers and vanishes!
Deactivating autopickup; reactivate with Ctrl-A.
You hear a zap.
A puff of flame appears from out of thin air!
The puff of flame hits you!
You hear a zap.
A puff of flame appears from out of thin air!
The puff of flame hits you!
Something tries to affect you, but you resist.
A puff of flame appears from out of thin air!
The puff of flame hits you!
* * * LOW HITPOINT WARNING * * *
A shower of butterflies erupts from you!
Your butterfly is engulfed in poison gas.
Your butterfly is poisoned.
You kill your butterfly!
Your butterfly disappears in a puff of smoke!
Your butterfly is engulfed in poison gas.
Your butterfly is poisoned.
You kill your butterfly!
Your butterfly degenerates into a cloud of primal chaos!
You hear a zap.
A puff of flame appears from out of thin air!
The puff of flame hits you!
You die...

#...................##.#####
.............§☼○☼☼°###.#
.......§○☼☼☼....#
.......§§§○.#####
########§§§°.. #§§.##.○#
########### #§○§##☼§#
..........######§☼.°§§#☼
.........§.§○§.☼@§○○☼☼.○
.........○#######§§○°☼§{
..........# §§§☼§○○
..........# .§§§○§#
#.........# .○§##)#
#.######### #### # ..# ### #


There were no monsters in sight!

Vanquished Creatures
  A worm (D:2)
  4 bats
  4 endoplasms
  A giant cockroach (D:1)
  2 goblins
  2 hobgoblins (D:1)
  4 jackals (D:2)
  A quokka (D:2)
  3 ball pythons (D:2)
  4 kobolds
  2 rats (D:2)
28 creatures vanquished.

Notes
Turn   | Place    | Note
-------+----------+-------------------------------------------
     0 | D:1      | Kuronicle the Octopode Chaos Knight began the quest for the
                  | Orb.
     0 | D:1      | Reached XP level 1. HP: 16/16 MP: 1/1
   129 | D:1      | XOM: divination: detect items
   224 | D:1      | XOM: enchant monster (bad)
   228 | D:1      | Reached skill level 1 in Stealth
   228 | D:1      | Reached XP level 2. HP: 18/21 MP: 2/2
   254 | D:1      | Found Kokhozxa's Magic Scroll Boutique.
   291 | D:1      | XOM: divination: magic mapping
   857 | D:2      | Found a shimmering blue altar of Sif Muna.
   892 | D:2      | Noticed Sigmund
   899 | D:2      | XOM: scenery: create altars
   943 | D:2      | XOM: enchant monster (good)
   980 | D:2      | XOM: cast spell 'Cause Fear'
   983 | D:2      | Reached XP level 3. HP: 23/26 MP: 3/3
  1409 | D:2      | XOM: butterfly on damage
  1412 | D:2      | Killed from afar by Sigmund

Illustrated notes

Levels and vault maps discovered:
D:1:      dpeg_arrival_renting, layout_loops_ring, serial_shops,
          nicolae_shop_advertising_works [nicolae_subvault_shop_adworks]
D:2:      layout_basic, basic_altar, amcnicky_mini_rare_corridor_liquid,
          st_stairs_14, uniq_sigmund

Skill      XL: |  1  2 |
---------------+-------+-----
Stealth        | 1 3 |  3.6
Fighting       | |  3.0
Dodging        | |  2.3
Unarmed Combat | |  3.3
Evocations     | |  0.5

Action                     || total
---------------------------++-------
  Melee: Unarmed           ||    67
         Tentacles         ||    10
         Constrict         ||    16
         Punch             ||     2
  Evoke: Piece from Xom's  ||     2
    Use: Scroll            ||     3
   Stab: Sleeping          ||     5
 Armour: Skin              ||     6
  Dodge: Dodged            ||    35

Table legend: (Time is in decaauts)
 A = Elapsed time spent in this place.
 B = Non-inter-level travel time spent in this place.
 C = Inter-level travel time spent in this place.
 D = Time resting spent in this place.
 E = Time spent auto-exploring this place.
 F = Levels seen in this place.
 G = Mean time per level.
                   A        B        C        D        E       F      G
               +--------+--------+--------+--------+--------+-----+--------+
         Total |   1407 |   1407 |      0 |     32 |    878 |   2 |  703.5 |
       Dungeon |   1407 |   1407 |      0 |     32 |    878 |   2 |  703.5 |
               +--------+--------+--------+--------+--------+-----+--------+

Top non-repeatable levels by time:
     D:1: 712 daAuts
     D:2: 695 daAuts
